 Dungeon Crawl Stone Soup version bcrawl-1.21.3-16-g7f46a08de7 (webtiles) character file.

Game seed: 8974826753028345135

8220 Chiseanne the Covert (level 11, -11/49 HPs)
             Began as a Spriggan Wanderer on Apr 28, 2020.
             Mangled by an ogre
             ... wielding a +0 giant spiked club
              (24 damage)
             ... on level 8 of the Dungeon.
             The game lasted 00:25:28 (4542 turns).

Chiseanne the Covert (Spriggan Wanderer)            Turns: 4542, Time: 00:25:28

Health: -11/49     AC:  4    Str:  9    XL:     11   Next: 7%
Magic:  12/12      EV: 27    Int: 13    God:
Gold:   322        SH:  8    Dex: 19    Spells: 10/10 levels left

rFire    . . .     SeeInvis +   a - +2 short sword (elec)
rCold    + . .     Gourm    .   z - +0 buckler
rNeg     . . .     Faith    .   A - +0 troll leather armour
rPois    .         Spirit   .   (helmet restricted)
rElec    .         Reflect  .   (no cloak)
rCorr    .         Harm     .   (gloves unavailable)
MR       +....                  (boots unavailable)
Stlth    +++++.....             t - amulet of rage
HPRegen  0.56/turn              s - ring of protection from cold
MPRegen  0.13/turn              (no ring)

@: very quick
A: very small, unfitting armour, see invisible, herbivore, speed 3, slow
metabolism 2
a: Evoke Berserk Rage


You were on level 8 of the Dungeon.
You were full.

You visited 1 branch of the dungeon, and saw 10 of its levels.
You also visited: Bailey.

You collected 322 gold pieces.

Inventory:

Hand Weapons
 a - a +2 short sword of electrocution (weapon)
 k - a +0 dagger of holy wrath
 p - a +2 short sword
Missiles
 b - 121 poisoned needles
 c - 188 tomahawks (quivered)
 g - 387 arrows
 h - 288 bolts
 i - 700 stones
 j - 6 throwing nets {!f}
Armour
 z - a +0 buckler (worn)
 A - a +0 troll leather armour (worn)
Magical Staves
 w - an uncursed staff of fire
Jewellery
 s - a ring of protection from cold (left hand)
 t - an amulet of rage (around neck)
Wands
 x - a wand of random effects (1)
Scrolls
 d - 2 scrolls of immolation
 l - 2 scrolls of amnesia
Potions
 f - a potion of might {unknown}
 m - a potion of haste
 n - 2 potions of heal wounds
 o - a potion of magic
 r - a potion of curing
 u - a potion of flight {unknown}
Comestibles
 e - a ration {!d}


   Skills:
 - Level 1.5 Fighting
 * Level 9.3 Short Blades
 * Level 5.3 Throwing
 * Level 11.4 Dodging
 * Level 11.8 Stealth
 - Level 7.5 Shields


You had 10 spell levels left.
You didn't know any spells.
Your spell library was empty.

Dungeon Overview and Level Annotations

Branches:
Dungeon (11/12)               Orc (0/1) D:10
 Temple: D:4-7         Lair: D:7-9       Vaults: D:11-12

Altars:
Ashenzari
Lugonu

Shops:
D:10 (

Annotations:
D:2 Sigmund
D:5 Edmund, Eustachio
D:7 Menkaure


Innate Abilities, Weirdness & Mutations

You are very small and have problems with some larger weapons.
You are too small for most types of armour.
You have supernaturally acute eyesight. (SInv)
You are a herbivore.
You cover ground extremely quickly.
You need to consume almost no food.


Message History

You hit the crimson imp but do no damage.
You closely miss the ogre. The crimson imp completely misses you.
The ogre hits you with a +0 giant spiked club!
* * * LOW HITPOINT WARNING * * *
You hit the ogre.
The ogre is lightly wounded.
The crimson imp completely misses you.
You barely miss the ogre.
The ogre is lightly wounded.
You hit the ogre.
The ogre is moderately wounded.
The ogre completely misses you.
The crimson imp hits you but does no damage.
You hit the ogre. Lightning courses through the ogre!
The ogre is severely wounded.
You hit the ogre.
The ogre is almost dead.
You block the crimson imp's attack.
The ogre hits you with a +0 giant spiked club!!
You die...

.########
........#
#.# #5# #@#
# #O# #.#.#
## ..
#.#.##.#
#.##.#.#.#
##........##
...##.....#
#.. ###.##.#
#..# #†# .#


You could see an ogre and a crimson imp.

Vanquished Creatures
  A centaur warrior (D:9)
  A wizard (D:11)
  A cyclops (D:10)
  2 ugly things (D:10)
  A deep elf mage (D:11)
  2 centaur skeletons
  A kobold demonologist (D:11)
  A komodo dragon (D:9)
  3 trolls
  2 hippogriffs
  A wyvern (D:11)
  A water moccasin (D:8)
  8 orc warriors
  3 black bears
  2 sky beasts (D:11)
  5 ogres (D:10)
  3 bullfrogs
  A big kobold (D:10)
  9 gnoll sergeants
  2 scorpions
  3 jellies
  6 gnoll shamans (Bailey)
  3 hounds
  2 iguanas
  2 worker ants
  A hound skeleton (D:9)
  A howler monkey zombie (D:9)
  16 gnolls
  2 adders
  A shadow imp (D:8)
  17 orcs
  2 goblins
  3 hobgoblins
  3 jackals (D:2)
  6 kobolds
  2 bats
  A frilled lizard (D:1)
  A rat (D:2)
122 creatures vanquished.

Vanquished Creatures (others)
  A centaur skeleton (D:11)
  A bullfrog (D:11)
2 creatures vanquished.

Grand Total: 124 creatures vanquished

Notes
Turn   | Place    | Note
-------+----------+-------------------------------------------
     0 | D:1      | Chiseanne the Spriggan Wanderer began the quest for the
                  | Orb.
     0 | D:1      | Chiseanne set off with the following items: a +2 short
                  | sword, a +0 mace, a potion of curing, a +0 robe, a ration
                  | {!d}, a +0 dagger
     0 | D:1      | Reached XP level 1. HP: 10/10 MP: 2/2
   297 | D:2      | Noticed Sigmund
   329 | D:2      | Reached XP level 2. HP: 6/14 MP: 3/3
   398 | D:3      | Found a corrupted altar of Lugonu.
   582 | D:3      | You fall into a shaft and drop 3 floors!
   582 | D:6      | Noticed an ogre
   592 | D:5      | Entered Level 5 of the Dungeon
   592 | D:5      | Noticed an ice beast
   736 | D:5      | Noticed Eustachio
   738 | D:5      | Noticed a crimson imp
   797 | D:5      | Found a shattered altar of Ashenzari.
   846 | D:5      | Noticed Edmund
   945 | D:5      | Reached skill level 5 in Dodging
  1296 | D:6      | Noticed a cyan ugly thing
  1336 | D:6      | Noticed a bullfrog
  1343 | D:6      | Noticed a centaur
  1350 | D:6      | Noticed a bullfrog
  1352 | D:6      | Noticed a water moccasin
  1354 | D:6      | Noticed a komodo dragon
  1355 | D:6      | Noticed an orc warrior
  1357 | D:7      | Noticed an ogre
  1360 | D:7      | Noticed Menkaure
  1363 | D:8      | Noticed a purple ugly thing
  1373 | D:9      | Reached XP level 3. HP: 9/18 MP: 4/4
  1518 | D:9      | Noticed an orc warrior
  1527 | D:9      | Noticed a centaur warrior
  1558 | D:8      | Noticed a troll
  1562 | D:8      | Noticed an ogre
  1581 | D:8      | Reached XP level 4. HP: 22/22 MP: 5/5
  1590 | D:8      | Noticed a black bear
  1597 | D:8      | Killed a troll
  1597 | D:8      | Reached XP level 5. HP: 25/25 MP: 6/6
  1597 | D:8      | Reached XP level 6. HP: 30/30 MP: 7/7
  1619 | D:8      | Noticed a water moccasin
  1623 | D:8      | Killed a water moccasin
  1623 | D:8      | Reached skill level 5 in Short Blades
  1649 | D:8      | Reached XP level 7. HP: 17/33 MP: 8/8
  1732 | D:8      | Noticed a hungry ghost
  1746 | D:9      | Noticed a green ugly thing
  1746 | D:9      | Noticed a komodo dragon
  2205 | D:10     | Entered Level 10 of the Dungeon
  2243 | D:10     | Reached skill level 1 in Throwing
  2243 | D:10     | Reached XP level 8. HP: 30/37 MP: 9/9
  2336 | D:10     | Found a staircase to the Orcish Mines.
  2336 | D:10     | Noticed a troll
  2354 | D:10     | Noticed a cyclops
  2358 | D:10     | Killed a cyclops
  2358 | D:10     | Reached skill level 10 in Stealth
  2361 | D:10     | Found Ippeunk's Weapon Boutique.
  2369 | D:11     | Reached skill level 10 in Dodging
  2441 | D:11     | Noticed a troll
  2497 | D:11     | Killed a troll
  2497 | D:11     | Reached XP level 9. HP: 41/41 MP: 10/10
  2599 | D:11     | Reached skill level 1 in Shields
  2797 | D:11     | Noticed a deep elf mage
  2801 | D:11     | Noticed a hellwing
  2803 | D:11     | Noticed a demonic crawler
  2809 | D:11     | Killed a deep elf mage
  2822 | D:11     | Noticed a kobold demonologist
  2831 | D:11     | Noticed an orange demon
  2833 | D:11     | Killed a kobold demonologist
  2833 | D:11     | Reached skill level 5 in Shields
  2912 | D:11     | Noticed a deep elf knight
  2937 | D:11     | Noticed a wizard
  2956 | D:11     | Killed a wizard
  2967 | D:11     | Noticed an efreet
  3045 | D:10     | Found a flagged portal.
  3058 | Bailey   | Entered a bailey
  3100 | Bailey   | Reached XP level 10. HP: 46/46 MP: 11/11
  3618 | D:10     | Noticed a red ugly thing
  3626 | D:10     | Killed a red ugly thing
  3820 | D:10     | Noticed a red ugly thing
  3822 | D:10     | Killed a red ugly thing
  4090 | D:9      | Noticed a centaur warrior
  4113 | D:9      | Killed a centaur warrior
  4113 | D:9      | Reached skill level 5 in Throwing
  4347 | D:9      | Reached XP level 11. HP: 49/49 MP: 12/12
  4542 | D:8      | Mangled by an ogre

Skill      XL: |  1  2  3  4  5  6  7  8  9 10 |
---------------+-------------------------------+-----
Short Blades   | 3 4 6 7 8 9 |  9.3
Stealth        | 4 6 8 9 10 11 | 11.8
Dodging        | 5 6 8 9 10 11 | 11.4
Throwing       | 1 3 5 |  5.3
Shields        | 6 7 |  7.5
Fighting       | |  1.5

Action                   |  1- 3 |  4- 6 |  7- 9 | 10-12 || total
-------------------------+-------+-------+-------+-------++-------
Melee: Short sword       |    52 |    29 |   100 |   326 ||   507
Throw: Tomahawk          |    16 |     9 |    73 |    53 ||   151
Evoke: Wand              |       |       |     2 |     2 ||     4
  Use: Scroll            |     7 |       |     7 |     1 ||    15
       Potion            |     2 |       |       |       ||     2
 Stab: Sleeping          |     3 |     2 |     8 |     4 ||    17
       Distracted        |       |       |     1 |     2 ||     3
  Eat: Ration            |       |       |       |     2 ||     2
Armor: Robe              |    12 |     1 |     2 |       ||    15
       Troll leather arm |       |       |     3 |     7 ||    10
Dodge: Dodged            |   125 |    20 |   108 |   184 ||   437
Block: Buckler           |       |       |    22 |   110 ||   132
